 Dungeon Crawl Stone Soup version 0.25-a0-346-g140ab784a8 (webtiles) character file.

Game seed: 8575762833729008949, levelgen mode: deterministic

37 D1HalberdGnoll the Grave Robber (level 3, 0/26 HPs)
             Began as a Human Necromancer on Jan 1, 2020.
             Slain by a quokka (4 damage)
             ... on level 2 of the Dungeon.
             The game lasted 00:02:44 (1448 turns).

D1HalberdGnoll the Grave Robber (Human Necromancer) Turns: 1448, Time: 00:02:45

Health: 0/26       AC:  4    Str:  8    XL:     3   Next: 60%
Magic:  2/6        EV: 12    Int: 16    God:
Gold:   122        SH:  0    Dex: 13    Spells: 4/6 levels left

rFire    . . .     SeeInvis .   k - +2 dagger (protect)
rCold    . . .     Gourm    .   (no shield)
rNeg     . . .     Faith    .   d - +0 leather armour (curse)
rPois    .         Spirit   .   (no helmet)
rElec    .         Reflect  .   (no cloak)
rCorr    .         Harm     .   h - +0 pair of gloves
MR       .....                  (no boots)
Stlth    ++........             (no amulet)
HPRegen  0.08/turn              (no ring)
MPRegen  0.10/turn              (no ring)

@: very slightly contaminated
A: no striking features
a: no special abilities


You were on level 2 of the Dungeon.
You were not hungry.

You visited 1 branch of the dungeon, and saw 2 of its levels.

You collected 122 gold pieces.

Inventory:

Hand Weapons
 k - a +2 dagger of protection (weapon)
Armour
 d - a cursed +0 leather armour (worn)
 h - a +0 pair of gloves (worn)
Jewellery
 g - a +6 ring of intelligence {unknown}
 l - an uncursed amulet of the acrobat {unknown}
Scrolls
 f - 3 scrolls of teleportation {unknown}
Potions
 a - a potion of heal wounds {unknown}
 b - a potion of flight {unknown}
 e - a potion of brilliance {unknown}
 i - a potion of haste {unknown}
 m - a potion of agility {unknown}
Comestibles
 c - a ration
 j - a chunk of flesh


   Skills:
 + Level 1.2 Fighting
 - Level 2.0 Dodging
 - Level 2.0 Stealth
 + Level 2.3 Spellcasting
 * Level 4.6 Necromancy


You had 4 spell levels left.
You knew the following spells:

 Your Spells              Type           Power        Failure   Level  Hunger
a - Pain                  Necr           ###.         4%          1    #......
s - Animate Skeleton      Necr           N/A          4%          1    #......

Your spell library contained the following spells:

 Spells                   Type           Power        Failure   Level  Hunger
 Vampiric Draining        Necr           ###.......   13%         3    ###....
 Regeneration             Chrm/Necr      #.........   34%         3    ###....
 Animate Dead             Necr           N/A          41%         4    #####..


Dungeon Overview and Level Annotations

Branches:
Dungeon (2/15)

Altars:

Annotations:
D:2 Sigmund


Message History

You are very lightly contaminated with residual magic.
Nothing appears to happen.
A quokka comes into view.
Casting: Pain (safe; 4% risk of failure)
Confirm with . or Enter, or press ? or * to list all spells.
Aiming: Pain (safe; 4% risk of failure)
Press: ? - help, Shift-Dir - straight line, f/p - Sigmund
Aim: Sigmund, wielding a +0 scythe and wearing a +2 robe of magic resistance (moderately wounded, chance to defeat MR: 50%) Sigmund resists with some effort.
Sigmund barely misses you.
Casting: Pain (safe; 4% risk of failure)
Confirm with . or Enter, or press ? or * to list all spells.
Aiming: Pain (safe; 4% risk of failure)
Press: ? - help, Shift-Dir - straight line, f/p - Sigmund
Aim: Sigmund, wielding a +0 scythe and wearing a +2 robe of magic resistance (moderately wounded, chance to defeat MR: 50%) Sigmund resists with some effort.
Sigmund hits you from afar with a +0 scythe!
Ouch! That really hurt!
* * * LOW HITPOINT WARNING * * *
The quokka bites you.
You die...

#@# ... #. #.# #.#
#. #.# #.#
#.##.####.#
###.##.@....#
....######.#######
#..######........
####..#.r..@.#######
#......@######
#.##..### #.##..#
#.....# #.###..##.#
#.(..<)...#
#.###..######
#(...........
#######..######


You could see Sigmund and a quokka.

Vanquished Creatures
  An ooze (D:1)
  A leopard gecko (D:1)
  A ball python (D:2)
  2 bats (D:1)
  2 giant cockroaches (D:1)
  5 goblins (D:1)
  2 hobgoblins (D:1)
  3 jackals (D:1)
  4 frilled lizards (D:1)
  5 kobolds (D:1)
  5 rats (D:1)
31 creatures vanquished.

Notes
Turn   | Place    | Note
-------+----------+-------------------------------------------
     0 | D:1      | D1HalberdGnoll the Human Necromancer began the quest for
                  | the Orb.
     0 | D:1      | Reached XP level 1. HP: 13/13 MP: 3/3
   121 | D:1      | Reached XP level 2. HP: 18/20 MP: 0/5
   124 | D:1      | Learned a level 1 spell: Animate Skeleton
   723 | D:1      | Reached XP level 3. HP: 25/25 MP: 6/6
   727 | D:1      | Reached skill level 1 in Fighting
  1428 | D:2      | Noticed Sigmund
  1448 | D:2      | Slain by a quokka

Levels and vault maps discovered:
D:1:      roderic_octagonal_star, layout_basic
D:2:      layout_loops_ring, nicolae_overflow_crystal_walls, first_ration,
          uniq_sigmund

Skill      XL: |  1  2  3 |
---------------+----------+-----
Fighting       | 1 |  1.2
Dodging        | |  2.0
Stealth        | |  2.0
Spellcasting   | |  2.3
Necromancy     | |  4.6

Action                   || total
-------------------------++-------
Melee: Dagger            ||    43
 Cast: Pain              ||    36
       Animate Skeleton  ||     2
 Stab: Sleeping          ||     1
  Eat: Chunk             ||     2
Armor: Leather armour    ||    12
Dodge: Dodged            ||    31

Table legend:
 A = Non-vault XP
 B = Vault XP
 C = Vault XP percentage of total XP
 D = Non-vault monster count
 E = Vault monster count
 F = Vault count percentage of total count
                 A         B        C        D         E       F
            +---------+---------+-------+---------+---------+-------
      Total |      53 |       0 |   0.0 |      31 |       0 |   0.0
            +---------+---------+-------+---------+---------+-------
        D:1 |      51 |       0 |   0.0 |      30 |       0 |   0.0
        D:2 |       2 |       0 |   0.0 |       1 |       0 |   0.0
            +---------+---------+-------+---------+---------+-------
